 Dungeon Crawl Stone Soup version 0.30-a0-847-g17996783a1 (webtiles) character file.

Game seed: 5796379997924134452

14 nabru the Trooper (level 2, -4/19 HPs)
             Began as a Gargoyle Berserker on Mar 4, 2023.
             Was a Follower of Trog.
             Shot with a sling bullet by a hobgoblin (9 damage)
             ... on level 3 of the Dungeon.
             The game lasted 00:01:05 (128 turns).

nabru the Trooper (Gargoyle Berserker)               Turns: 128, Time: 00:01:06

Health: -4/19      AC:  5    Str: 20    XL:     2   Next: 45%
Magic:  2/2        EV: 12    Int:  7    God:    Trog [*.....]
Gold:   0          SH:  0    Dex:  9    Spells: 1/1 levels left

rFire   . . .      SeeInvis .    a - +0 mace
rCold   . . .      Faith    .    (no shield)
rNeg    + + .      Spirit   .    b - +0 animal skin
rPois   ∞          Reflect  .    (no helmet)
rElec   +          Rampage  .    (no cloak)
rCorr   .                        (no gloves)
Will    .....                    (no boots)
Stlth   +                        (no amulet)
HPRegen 0.23/turn                c - ring of positive energy
MPRegen 0.08/turn                (no ring)

@: no status effects
A: sickness immunity, AC +2, negative energy resistance 1, electricity
resistance, torment resistance 1, petrification resistance
a: Renounce Religion, Berserk


You were on level 3 of the Dungeon.
You worshipped Trog.
Trog was aware of your devotion.
You visited 1 branch of the dungeon, and saw 3 of its levels.

Inventory:

Hand Weapons
 a - a +0 mace (weapon)
 d - a +0 dagger of draining
Armour
 b - a +0 animal skin (worn)
Jewellery
 c - a ring of positive energy (left hand)


   Skills:
 + Level 3.6 Fighting
 + Level 3.3 Maces & Flails
 + Level 2.3 Armour
 + Level 1.7 Dodging


You had one spell level left.
You didn't know any spells.
Your spell library was empty.

Dungeon Overview and Level Annotations

Branches:
Dungeon (3/15)

Altars:
Uskayaw


Innate Abilities, Weirdness & Mutations

You are immune to sickness and miasma.
Your stone body is resilient. (AC +2)
You are immune to poison.
You resist negative energy. (rN+)
You are resistant to electric shocks. (rElec)
You are resistant to unholy torment.
You are immune to petrification.


Message History

Things that are here:
a +3 dagger; a +0 short sword; an orc corpse
There is a stone staircase leading down here.
You climb downwards.
There is a stone staircase leading up here.
Unknown command.
Things that are here:
a +0 dagger of draining; a goblin corpse
d - a +0 dagger of draining
Found a stone staircase leading down.
Found a club.
A hobgoblin and a goblin come into view.
The hobgoblin shouts!
The goblin shouts!
You hear a shout!
A goblin comes into view. It is wielding a +0 sling.
The hobgoblin shoots a sling bullet.
The sling bullet closely misses you.
The goblin shoots a sling bullet.
The sling bullet hits you.
A goblin comes into view. It is wielding a +0 sling.
The goblin shoots a sling bullet.
The sling bullet misses you.
You enter the shallow water.
Moving in this stuff is going to be slow.
The goblin shoots a sling bullet.
The sling bullet barely misses you.
The hobgoblin shoots a sling bullet.
The sling bullet hits you.
The goblin shoots a sling bullet.
The sling bullet closely misses you.
You hear a shout!
Why would you want to do that? 2 goblins come into view.
The goblin shouts!
The goblin shoots a sling bullet.
The sling bullet barely misses you.
The goblin shoots a sling bullet.
The sling bullet hits you but does no damage.
The goblin shoots a sling bullet.
The sling bullet barely misses you.
The goblin shoots a sling bullet.
The sling bullet hits you.
* * * LOW HITPOINT WARNING * * *
The goblin shoots a sling bullet.
The sling bullet closely misses you.
The hobgoblin shoots a sling bullet.
The sling bullet barely misses you.
The goblin shoots a sling bullet.
The sling bullet barely misses you.
The goblin shoots a sling bullet.
The sling bullet hits you but does no damage.
The hobgoblin shoots a sling bullet.
The sling bullet hits you!
You die...

#++#####################
.....≈≈≈≈≈≈≈≈≈≈≈≈≈≈≈≈≈≈≈
...g~g≈≈≈≈≈≈≈≈≈≈≈≈≈≈≈~≈~
...g.~~~~~~~~≈~~~~~~~≈~~
....~g.~~.~~~~~~.~.~~~~~
....g.g@................
....)...................
####.#########.....###..
#. #.#.#.# #.. ..
......># #.# .#
#.#.#.#.# #..
#.#.#.#...... .
#.#.#.####. .# ......#
..


You could see a hobgoblin and 5 goblins.

Vanquished Creatures
  An adder (D:2)
  An orc (D:2)
  2 goblins
4 creatures vanquished.

Notes
Turn   | Place    | Note
-------+----------+-------------------------------------------
     0 | D:1      | nabru the Gargoyle Berserker began the quest for the Orb.
     0 | D:1      | Reached XP level 1. HP: 14/14 MP: 1/1
    47 | D:2      | Found a hide-covered altar of Uskayaw.
    55 | D:2      | Reached XP level 2. HP: 19/19 MP: 2/2
   128 | D:3      | Shot with a sling bullet by a hobgoblin

Illustrated notes

Levels and vault maps discovered:
D:1:      lemuel_arrival_hallway, layout_rooms
D:2:      layout_rooms, basic_altar
D:3:      minmay_goblin_kobold_castle, layout_basic,
          mainiacjoe_overflow_alcove_4

Action                     || total
---------------------------++-------
  Melee: Mace              ||    13
         Punch             ||     1
 Armour: Animal skin       ||     6
  Dodge: Dodged            ||    16

Table legend: (Time is in decaauts)
 A = Elapsed time spent in this place.
 B = Non-inter-level travel time spent in this place.
 C = Inter-level travel time spent in this place.
 D = Time resting spent in this place.
 E = Time spent auto-exploring this place.
 F = Levels seen in this place.
 G = Mean time per level.
                   A        B        C        D        E       F      G
               +--------+--------+--------+--------+--------+-----+--------+
         Total |    131 |    131 |      0 |      0 |      0 |   3 |   43.7 |
       Dungeon |    131 |    131 |      0 |      0 |      0 |   3 |   43.7 |
               +--------+--------+--------+--------+--------+-----+--------+

Top non-repeatable levels by time:
     D:2: 48 daAuts
     D:1: 46 daAuts
     D:3: 36 daAuts
